 Dungeon Crawl Stone Soup version 0.25-a0-294-gea9b1ad378 (webtiles) character file.

Game seed: 13894625212922593989, levelgen mode: classic

102 Borgoz the Slasher (level 4, -3/26 HPs)
             Began as a Gargoyle Gladiator on Dec 19, 2019.
             Slain by a gnoll
             ... wielding a +0 club
              (4 damage)
             ... on level 3 of the Dungeon.
             The game lasted 00:01:40 (1124 turns).

Borgoz the Slasher (Gargoyle Gladiator)             Turns: 1124, Time: 00:01:40

Health: -3/26      AC:  9    Str: 15 (17) XL:     4   Next: 77%
Magic:  4/4        EV: 15    Int: 12 (14) God:
Gold:   170        SH:  0    Dex:  9 (12) Spells: 3/3 levels left

rFire    . . .     SeeInvis .   a - +0 long sword
rCold    . . .     Gourm    .   (no shield)
rNeg     + . .     Faith    .   b - +0 leather armour
rPois    ∞         Spirit   .   c - +0 helmet
rElec    +         Reflect  .   e - +0 cloak
rCorr    .         Harm     .   (no gloves)
MR       .....                  (no boots)
Stlth    +.........             (no amulet)
HPRegen  0.08/turn              n - +3 ring of evasion
MPRegen  0.09/turn              (no ring)

@: brilliant
A: negative energy resistance 1, electricity resistance, unbreathing,
petrification resistance, rot immunity, AC +3
a: no special abilities


You were on level 3 of the Dungeon.
You were not hungry.

You visited 1 branch of the dungeon, and saw 3 of its levels.

You collected 170 gold pieces.

Inventory:

Hand Weapons
 a - a +0 long sword (weapon)
Missiles
 d - 4 throwing nets (quivered)
Armour
 b - a +0 leather armour (worn)
 c - a +0 helmet (worn)
 e - a +0 cloak (worn)
Jewellery
 n - a +3 ring of evasion (left hand)
Scrolls
 i - 3 scrolls of identify {unknown}
 k - a scroll of enchant weapon {unknown}
 m - 2 scrolls of remove curse {unknown}
Potions
 h - a potion of haste {unknown}
 j - a potion of degeneration
Comestibles
 f - 3 rations
 g - 4 chunks of flesh


   Skills:
 - Level 2.1 Fighting
 + Level 3.5 Long Blades
 - Level 1.7 Throwing
 + Level 2.4 Armour
 + Level 3.2 Dodging


You had 3 spell levels left.
You didn't know any spells.
Your spell library was empty.

Dungeon Overview and Level Annotations

Branches:
Dungeon (3/15)

Altars:
Makhleb


Innate Abilities, Weirdness & Mutations

You are resistant to torment.
Your stone body is resilient. (AC +3)
You are immune to poison.
You resist negative energy. (rN+)
You are resistant to electric shocks. (rElec)
You can survive without breathing.
You are immune to petrification.
You are immune to rotting.


Message History

Things that are here:
a +0 club; a gnoll corpse You completely miss the gnoll.
The gnoll misses you. The gnoll completely misses you.
You riposte.
You hit the gnoll.
The gnoll is heavily wounded.
You miss the gnoll.
The gnoll is heavily wounded.
The gnoll hits you but does no damage. The gnoll hits you with a +0 spear.
* * * LOW HITPOINT WARNING * * *
The gnoll hits you with a +0 club.
* * * LOW HITPOINT WARNING * * *
Unknown command.
It was a potion of degeneration.
There was something very wrong with that liquid.
You feel weakened.
You feel dopey.
You feel clumsy. The gnoll hits you but does no damage.
It was a potion of brilliance.
You feel clever all of a sudden. The gnoll hits you with a +0 club.
You die...

#. .. #. #. #.
#. ##g#######
#.g@..)..#
####.....##.#
#...!..(.# .#
#.##.<.[÷##.#
#.#.........####
................
#.#.....(...####
#.##....<...# #
##....####


You could see 2 gnolls.

Vanquished Creatures
  A howler monkey (D:3)
  A gnoll (D:3)
  An adder (D:3)
  3 dart slugs
  A leopard gecko (D:1)
  5 bats
  A giant cockroach (D:3)
  5 goblins
  2 hobgoblins
  4 jackals (D:2)
  A ball python (D:1)
  3 frilled lizards
  6 kobolds
  4 rats
38 creatures vanquished.

Notes
Turn   | Place    | Note
-------+----------+-------------------------------------------
     0 | D:1      | Borgoz the Gargoyle Gladiator began the quest for the Orb.
     0 | D:1      | Reached XP level 1. HP: 12/12 MP: 1/1
    82 | D:1      | Reached XP level 2. HP: 14/17 MP: 2/2
   142 | D:1      | Reached skill level 1 in Armour
   541 | D:2      | Reached XP level 3. HP: 21/21 MP: 3/3
  1039 | D:2      | Found a burning altar of Makhleb.
  1039 | D:2      | Noticed a green death
  1042 | D:2      | Noticed a hellwing
  1042 | D:2      | Noticed an orange demon
  1090 | D:3      | Reached XP level 4. HP: 22/26 MP: 4/4
  1122 | D:3      | HP: 1/26 [gnoll/+0 club (1)]
  1124 | D:3      | Slain by a gnoll

Levels and vault maps discovered:
D:1:      kennysheep_arrival_forest, layout_basic
D:2:      layout_rooms, makhleb_altar_promises_db
D:3:      layout_loops_corners, lemuel_round_altar

Skill      XL: |  1  2  3 |
---------------+----------+-----
Armour         | 1 2 |  2.4
Long Blades    | 3 |  3.5
Dodging        | 3 |  3.2
Fighting       | |  2.1
Throwing       | |  1.7

Action                   |  1- 3 |  4- 6 || total
-------------------------+-------+-------++-------
Melee: Long sword        |    94 |    17 ||   111
  Use: Potion            |       |     2 ||     2
  Eat: Chunk             |     1 |       ||     1
Armor: Leather armour    |    49 |    10 ||    59
Dodge: Dodged            |    92 |    22 ||   114
       Rpst.: Long sword |    35 |     7 ||    42

Table legend:
 A = Non-vault XP
 B = Vault XP
 C = Vault XP percentage of total XP
 D = Non-vault monster count
 E = Vault monster count
 F = Vault count percentage of total count
                 A         B        C        D         E       F
            +---------+---------+-------+---------+---------+-------
      Total |     146 |       0 |   0.0 |      38 |       0 |   0.0
            +---------+---------+-------+---------+---------+-------
        D:1 |      27 |       0 |   0.0 |      14 |       0 |   0.0
        D:2 |      33 |       0 |   0.0 |      18 |       0 |   0.0
        D:3 |      86 |       0 |   0.0 |       6 |       0 |   0.0
            +---------+---------+-------+---------+---------+-------
